Connexion

SEATTLE Kraken vs ARIZONA Coyotes

Created - 21 septembre 2023 at 05:54

Goals
1 2 3 T
SEATTLE Kraken 1 1 1 3
ARIZONA Coyotes 1 2 1 4
Shots
1 2 3 T
SEATTLE Kraken 4 11 11 26
ARIZONA Coyotes 8 9 11 28

GoalsPenalties
1st period
1. ARIZONA Coyotes , Braden Schneider 1 (Tucker Poolman 5, Klim Kostin 5) at 1:55
2. SEATTLE Kraken , Trevor Zegras 3 (Jason Robertson 10, Seth Jarvis 2) at 18:37
Moritz Seider (SEA) for Hooking (Minor) at 5:00
2nd period
3. SEATTLE Kraken , David Pastrnak 7 (Jason Robertson 11, Moritz Seider 7) at 2:03 (PP)
4. ARIZONA Coyotes , Victor Olofsson 8 (Brayden Point 8) at 12:58
5. ARIZONA Coyotes , Madison Bowey 5 (Timo Meier 8, Matthew Tkachuk 8) at 19:22
Sean Durzi (ARI) for Hooking (Minor) at 1:35
Dillon Dube (ARI) for Hooking (Minor) at 9:15
3rd period
6. SEATTLE Kraken , Rasmus Dahlin 5 (Matt Dumba 16, David Pastrnak 11) at 14:39 (PP)
7. ARIZONA Coyotes , Sean Durzi 3 (Nazem Kadri 10, Victor Olofsson 5) at 19:02 (PP)
Timo Meier (ARI) for Hooking (Minor) at 0:34
Victor Olofsson (ARI) for High sticking (Minor) at 3:51
Tucker Poolman (ARI) for Tripping (Minor) at 11:00
Timo Meier (ARI) for Roughing (Minor) at 14:22
Trevor Zegras (SEA) for Roughing (Double Minor) at 15:55
Goalie Stats
Spencer Knight (SEA), 24 saves from 28 shots - (0,857), L, 4-5-1, 59:06 minutes
Andrei Vasilevsky (ARI), 23 saves from 26 shots - (0,885), W, 8-6-0, 60:00 minutes
3 StarsOfficial
1 - Victor Olofsson (ARI)
2 - David Pastrnak (SEA)
3 - Madison Bowey (ARI)
Referees : Dennis LaRue and Don VanMassenhoven
Linesman : Don Henderson and Mike Cvik
Game Note
No Game Note
Finance
Level 1 -- Attendance: 5650 (94,17%) -- Ticket Income 751 450 $
Level 2 -- Attendance: 4117 (99,81%) -- Ticket Income 424 051 $
Level 3 -- Attendance: 2000 (100,00%) -- Ticket Income 114 000 $
Level 4 -- Attendance: 3299 (82,48%) -- Ticket Income 128 661 $
Luxury Box -- Attendance: 947 (94,70%) -- Ticket Income 236 750 $
Game was played at the Jobing.com Arena.
Total Attendance: 16013 (93,51%)
Total Ticket Income: 1 654 912 $
Other Income: 330 982 $
Total Income: 1 985 894 $



Team Name Goals Shots Shots Attemp Shots Blocked PIM HIT PP PK FO%
SEATTLE Kraken 3266066132 / 6 (33%)146%
ARIZONA Coyotes 42857312171 / 3 (33%)254%

SEATTLE Kraken
Player Name POS G A P +/- PIM HIT SHT SB MP PP MP PP SHT PK MP PK SHT FO% FOT
Alec MartinezD000-1001014:210:4000:1800% 0
Alex IafalloC/LW000-100007:240:0001:37067% 3
Alex OvechkinLW0000030021:134:1401:150100% 1
Andrei KuzmenkoLW000-1001014:544:5400:00033% 3
Auston MatthewsC0000011020:373:4700:09046% 28
Brandon TanevLW/RW000-100107:240:0001:3700% 0
David PastrnakRW1120022020:283:4720:0000% 0
Jaccob SlavinD000-1005124:133:3042:2300% 0
Jani HakanpaaD000-1000013:440:0000:4500% 0
Jason RobertsonLW/RW0220021018:293:4710:0000% 1
Matt DumbaD011-1012325:474:3122:2300% 0
Michael PezzettaC/LW000-101005:470:0000:0000% 0
Moritz SeiderD0110202019:063:3001:4000% 0
Rasmus DahlinD1010005122:485:1122:4300% 0
Seth JarvisC/LW/RW0110021115:590:0002:1400% 0
T.J. OshieC/LW/RW000-1001013:140:0003:14050% 6
Trevor ZegrasC1010412018:444:5400:06041% 27
Wyatt JohnstonC000-1001010:400:4000:00050% 14
ARIZONA Coyotes
Player Name POS G A P +/- PIM HIT SHT SB MP PP MP PP SHT PK MP PK SHT FO% FOT
Beau Starret C/LW000000000:000:0000:0000% 0
Braden SchneiderD1011013114:270:0000:2800% 0
Brayden PointC/RW0111012021:092:4602:23048% 21
Carl HagelinLW/RW0000003012:170:0001:1100% 0
Dillon DubeC/LW/RW0000200011:050:0000:00050% 12
Dougie HamiltonD0001041024:332:0013:5300% 0
Justin AbdelkaderC/LW0000021011:060:0000:000100% 1
Klim KostinC011100105:010:0000:00050% 4
Madison BoweyD1011023024:332:0023:5300% 0
Matt BoldyLW/RW0001001017:232:2000:000100% 1
Matthew TkachukLW/RW0110031023:442:4605:5500% 0
Nazem KadriC/LW/RW0110006023:122:2005:49158% 40
Sean DurziD1010213120:593:0624:2000% 0
Timo MeierLW/RW0111400023:362:4601:450100% 1
Travis BoydC/LW/RW000100105:200:0000:19050% 2
Tucker PoolmanD0111201113:580:0000:0000% 0
Victor OlofssonLW/RW1121221017:222:2000:0000% 1
Vince DunnD0000010021:283:0604:4800% 0



Play-by-Play

1st period


0:01 of 1st period - Nazem Kadri wins face-off versus Auston Matthews in neutral zone.
0:01 of 1st period - Timo Meier is hit by Alex Ovechkin and loses puck.
0:11 of 1st period - David Pastrnak is hit by Matthew Tkachuk.
0:21 of 1st period - Dougie Hamilton is hit by Auston Matthews and loses puck.
0:44 of 1st period - Shot by Auston Matthews.
0:44 of 1st period - Shot Misses the Net.
1:29 of 1st period - Shot by Matt Boldy.
1:29 of 1st period - Stopped by Spencer Knight without a rebound.
1:30 of 1st period - Dillon Dube wins face-off versus Wyatt Johnston in SEATTLE Kraken zone.
1:31 of 1st period - Shot by Tucker Poolman.
1:31 of 1st period - Stopped by Spencer Knight with a rebound.
1:41 of 1st period - Shot by Carl Hagelin.
1:41 of 1st period - Stopped by Spencer Knight without a rebound.
1:42 of 1st period - Klim Kostin wins face-off versus Alex Iafallo in SEATTLE Kraken zone.
1:55 of 1st period - Shot by Braden Schneider.
1:55 of 1st period - Goal by Braden Schneider - SEATTLE Kraken : 0 - ARIZONA Coyotes : 1.
1:56 of 1st period - T.J. Oshie wins face-off versus Dillon Dube in neutral zone.
2:32 of 1st period - Shot by Carl Hagelin.
2:32 of 1st period - Stopped by Spencer Knight without a rebound.
2:33 of 1st period - Matt Boldy wins face-off versus Trevor Zegras in SEATTLE Kraken zone.
2:39 of 1st period - Off-side.
2:40 of 1st period - Nazem Kadri wins face-off versus Trevor Zegras in neutral zone.
3:43 of 1st period - Icing by Dougie Hamilton.
3:44 of 1st period - Auston Matthews wins face-off versus Victor Olofsson in ARIZONA Coyotes zone.
3:47 of 1st period - Shot by David Pastrnak.
3:47 of 1st period - Shot Misses the Net.
3:55 of 1st period - Shot by Brayden Point.
3:55 of 1st period - Stopped by Spencer Knight with a rebound.
3:57 of 1st period - Shot by Brayden Point.
3:57 of 1st period - Shot Misses the Net.
5:00 of 1st period - Minor Penalty to Moritz Seider for Hooking.
5:01 of 1st period - T.J. Oshie wins face-off versus Brayden Point in SEATTLE Kraken zone.
5:01 of 1st period - T.J. Oshie is hit by Matthew Tkachuk.
8:13 of 1st period - Dougie Hamilton is hit by Michael Pezzetta and loses puck.
8:27 of 1st period - Icing by Madison Bowey.
8:28 of 1st period - Trevor Zegras wins face-off versus Travis Boyd in ARIZONA Coyotes zone.
8:31 of 1st period - Shot by Seth Jarvis.
8:31 of 1st period - Shot Misses the Net.
8:34 of 1st period - Icing by Dougie Hamilton.
8:35 of 1st period - Wyatt Johnston wins face-off versus Klim Kostin in ARIZONA Coyotes zone.
8:50 of 1st period - Shot by Andrei Kuzmenko.
8:50 of 1st period - Stopped by Andrei Vasilevsky without a rebound.
8:51 of 1st period - Brayden Point wins face-off versus Trevor Zegras in ARIZONA Coyotes zone.
10:04 of 1st period - Off-side.
10:05 of 1st period - Andrei Kuzmenko wins face-off versus Nazem Kadri in neutral zone.
10:16 of 1st period - Shot by T.J. Oshie.
10:16 of 1st period - Stopped by Andrei Vasilevsky without a rebound.
10:17 of 1st period - Dillon Dube wins face-off versus Auston Matthews in ARIZONA Coyotes zone.
10:24 of 1st period - Icing by Braden Schneider.
10:25 of 1st period - Wyatt Johnston wins face-off versus Dillon Dube in ARIZONA Coyotes zone.
10:40 of 1st period - Shot by Braden Schneider.
10:40 of 1st period - Stopped by Spencer Knight without a rebound.
10:41 of 1st period - Nazem Kadri wins face-off versus Auston Matthews in SEATTLE Kraken zone.
10:57 of 1st period - Alex Ovechkin is hit by Madison Bowey and loses puck.
11:33 of 1st period - Icing by Jaccob Slavin.
11:34 of 1st period - Brayden Point wins face-off versus Auston Matthews in SEATTLE Kraken zone.
11:39 of 1st period - Shot by Sean Durzi.
11:39 of 1st period - Stopped by Spencer Knight without a rebound.
11:40 of 1st period - Brayden Point wins face-off versus Trevor Zegras in SEATTLE Kraken zone.
11:56 of 1st period - Shot by Brayden Point.
11:56 of 1st period - Shot Misses the Net.
12:06 of 1st period - Seth Jarvis is hit by Victor Olofsson and loses puck.
12:31 of 1st period - Icing by Sean Durzi.
12:32 of 1st period - Wyatt Johnston wins face-off versus Brayden Point in ARIZONA Coyotes zone.
13:06 of 1st period - Shot by T.J. Oshie.
13:06 of 1st period - Shot Misses the Net.
13:11 of 1st period - Shot by Wyatt Johnston.
13:11 of 1st period - Stopped by Andrei Vasilevsky without a rebound.
13:12 of 1st period - Alex Ovechkin wins face-off versus Dillon Dube in ARIZONA Coyotes zone.
13:51 of 1st period - Shot by Braden Schneider.
13:51 of 1st period - Shot Misses the Net.
13:53 of 1st period - Shot by Braden Schneider.
13:53 of 1st period - Shot Misses the Net.
14:02 of 1st period - Icing by Alec Martinez.
14:03 of 1st period - Auston Matthews wins face-off versus Nazem Kadri in SEATTLE Kraken zone.
14:57 of 1st period - Off-side.
14:58 of 1st period - Trevor Zegras wins face-off versus Brayden Point in neutral zone.
15:04 of 1st period - Icing by Vince Dunn.
15:05 of 1st period - Brayden Point wins face-off versus Trevor Zegras in ARIZONA Coyotes zone.
16:24 of 1st period - Icing by Rasmus Dahlin.
16:25 of 1st period - Justin Abdelkader wins face-off versus Wyatt Johnston in SEATTLE Kraken zone.
17:07 of 1st period - Icing by Justin Abdelkader.
17:08 of 1st period - Dillon Dube wins face-off versus Auston Matthews in ARIZONA Coyotes zone.
17:21 of 1st period - Auston Matthews is hit by Justin Abdelkader and loses puck.
17:39 of 1st period - David Pastrnak is hit by Dougie Hamilton and loses puck.
18:11 of 1st period - Shot by Matthew Tkachuk.
18:11 of 1st period - Shot Blocked by Seth Jarvis.
18:37 of 1st period - Shot by Trevor Zegras.
18:37 of 1st period - Goal by Trevor Zegras - SEATTLE Kraken : 1 - ARIZONA Coyotes : 1.
18:38 of 1st period - Alex Iafallo wins face-off versus Brayden Point in neutral zone.
18:59 of 1st period - Shot by Alex Iafallo.
18:59 of 1st period - Shot Misses the Net.
Goals for this period are 1 for SEATTLE Kraken vs 1 for ARIZONA Coyotes .
Shots for this period are 4 for SEATTLE Kraken vs 8 for ARIZONA Coyotes .

2nd period


0:01 of 2nd period - Nazem Kadri wins face-off versus Trevor Zegras in neutral zone.
0:01 of 2nd period - Madison Bowey is hit by Seth Jarvis and loses puck.
0:10 of 2nd period - Icing by Dougie Hamilton.
0:11 of 2nd period - Auston Matthews wins face-off versus Nazem Kadri in ARIZONA Coyotes zone.
0:23 of 2nd period - David Pastrnak is hit by Dougie Hamilton and loses puck.
1:21 of 2nd period - Shot by Seth Jarvis.
1:21 of 2nd period - Shot Misses the Net.
1:23 of 2nd period - Shot by Rasmus Dahlin.
1:23 of 2nd period - Shot Misses the Net.
1:25 of 2nd period - Shot by Trevor Zegras.
1:25 of 2nd period - Shot Misses the Net.
1:34 of 2nd period - Shot by Seth Jarvis.
1:34 of 2nd period - Shot Misses the Net.
1:35 of 2nd period - Minor Penalty to Sean Durzi for Hooking.
1:36 of 2nd period - Nazem Kadri wins face-off versus Trevor Zegras in ARIZONA Coyotes zone.
1:49 of 2nd period - Shot by Matt Dumba.
1:49 of 2nd period - Stopped by Andrei Vasilevsky without a rebound.
1:50 of 2nd period - Auston Matthews wins face-off versus Nazem Kadri in ARIZONA Coyotes zone.
2:01 of 2nd period - Shot by David Pastrnak.
2:01 of 2nd period - Shot Misses the Net.
2:03 of 2nd period - Shot by David Pastrnak.
2:03 of 2nd period - Goal by David Pastrnak - SEATTLE Kraken : 2 - ARIZONA Coyotes : 1.
2:04 of 2nd period - Dillon Dube wins face-off versus Wyatt Johnston in neutral zone.
2:39 of 2nd period - Shot by Carl Hagelin.
2:39 of 2nd period - Stopped by Spencer Knight without a rebound.
2:40 of 2nd period - Travis Boyd wins face-off versus Auston Matthews in SEATTLE Kraken zone.
3:11 of 2nd period - Shot by Klim Kostin.
3:11 of 2nd period - Stopped by Spencer Knight without a rebound.
3:12 of 2nd period - Trevor Zegras wins face-off versus Brayden Point in SEATTLE Kraken zone.
3:35 of 2nd period - Sean Durzi is hit by Jason Robertson and loses puck.
3:40 of 2nd period - Shot by Trevor Zegras.
3:40 of 2nd period - Shot Misses the Net.
3:42 of 2nd period - Shot by Rasmus Dahlin.
3:42 of 2nd period - Stopped by Andrei Vasilevsky with a rebound.
3:44 of 2nd period - Shot by Rasmus Dahlin.
3:44 of 2nd period - Shot Misses the Net.
3:46 of 2nd period - Shot by Seth Jarvis.
3:46 of 2nd period - Shot Misses the Net.
3:48 of 2nd period - Shot by Moritz Seider.
3:48 of 2nd period - Stopped by Andrei Vasilevsky without a rebound.
3:49 of 2nd period - Nazem Kadri wins face-off versus Auston Matthews in ARIZONA Coyotes zone.
3:49 of 2nd period - Nazem Kadri is hit by David Pastrnak.
4:29 of 2nd period - Icing by Dougie Hamilton.
4:30 of 2nd period - Wyatt Johnston wins face-off versus Nazem Kadri in ARIZONA Coyotes zone.
5:12 of 2nd period - Rasmus Dahlin is hit by Victor Olofsson and loses puck.
5:52 of 2nd period - Icing by Alec Martinez.
5:53 of 2nd period - Dillon Dube wins face-off versus Trevor Zegras in SEATTLE Kraken zone.
7:08 of 2nd period - Shot by Nazem Kadri.
7:08 of 2nd period - Stopped by Spencer Knight without a rebound.
7:09 of 2nd period - Wyatt Johnston wins face-off versus Brayden Point in SEATTLE Kraken zone.
7:09 of 2nd period - Andrei Kuzmenko is hit by Brayden Point and loses puck.
7:34 of 2nd period - Shot by Brayden Point.
7:34 of 2nd period - Shot Hit the Post.
7:44 of 2nd period - Shot by Rasmus Dahlin.
7:44 of 2nd period - Stopped by Andrei Vasilevsky with a rebound.
8:34 of 2nd period - Shot by Matthew Tkachuk.
8:34 of 2nd period - Shot Misses the Net.
8:36 of 2nd period - Shot by Matthew Tkachuk.
8:36 of 2nd period - Shot Blocked by Matt Dumba.
8:38 of 2nd period - Shot by Matthew Tkachuk.
8:38 of 2nd period - Shot Misses the Net.
9:10 of 2nd period - Shot by Justin Abdelkader.
9:10 of 2nd period - Shot Misses the Net.
9:15 of 2nd period - Minor Penalty to Dillon Dube for Hooking.
9:16 of 2nd period - Nazem Kadri wins face-off versus Trevor Zegras in ARIZONA Coyotes zone.
9:26 of 2nd period - Andrei Kuzmenko is hit by Sean Durzi and loses puck.
10:55 of 2nd period - Shot by Alec Martinez.
10:55 of 2nd period - Shot Misses the Net.
12:05 of 2nd period - Icing by Jaccob Slavin.
12:06 of 2nd period - Trevor Zegras wins face-off versus Klim Kostin in SEATTLE Kraken zone.
12:58 of 2nd period - Shot by Victor Olofsson.
12:58 of 2nd period - Goal by Victor Olofsson - SEATTLE Kraken : 2 - ARIZONA Coyotes : 2.
12:59 of 2nd period - Auston Matthews wins face-off versus Brayden Point in neutral zone.
14:18 of 2nd period - Icing by Nazem Kadri.
14:19 of 2nd period - Nazem Kadri wins face-off versus Wyatt Johnston in ARIZONA Coyotes zone.
14:42 of 2nd period - Shot by Nazem Kadri.
14:42 of 2nd period - Stopped by Spencer Knight with a rebound.
14:44 of 2nd period - Shot by Nazem Kadri.
14:44 of 2nd period - Stopped by Spencer Knight without a rebound.
14:45 of 2nd period - Alex Iafallo wins face-off versus Dillon Dube in SEATTLE Kraken zone.
14:45 of 2nd period - Alex Iafallo is hit by Justin Abdelkader.
15:40 of 2nd period - Icing by Carl Hagelin.
15:41 of 2nd period - Trevor Zegras wins face-off versus Dillon Dube in ARIZONA Coyotes zone.
16:45 of 2nd period - Off-side.
16:46 of 2nd period - Wyatt Johnston wins face-off versus Nazem Kadri in neutral zone.
16:52 of 2nd period - Shot by Matthew Tkachuk.
16:52 of 2nd period - Deflect By Nazem Kadri.
16:52 of 2nd period - Shot Blocked by Matt Dumba.
16:54 of 2nd period - Shot by Dougie Hamilton.
16:54 of 2nd period - Shot Misses the Net.
16:58 of 2nd period - Shot by Nazem Kadri.
16:58 of 2nd period - Stopped by Spencer Knight without a rebound.
16:59 of 2nd period - Brayden Point wins face-off versus Auston Matthews in SEATTLE Kraken zone.
17:16 of 2nd period - Shot by David Pastrnak.
17:16 of 2nd period - Shot Blocked by Tucker Poolman.
17:22 of 2nd period - Shot by Auston Matthews.
17:22 of 2nd period - Stopped by Andrei Vasilevsky with a rebound.
17:24 of 2nd period - Shot by Moritz Seider.
17:24 of 2nd period - Stopped by Andrei Vasilevsky without a rebound.
17:25 of 2nd period - Trevor Zegras wins face-off versus Nazem Kadri in ARIZONA Coyotes zone.
17:28 of 2nd period - Shot by Jason Robertson.
17:28 of 2nd period - Deflect By Trevor Zegras.
17:28 of 2nd period - Stopped by Andrei Vasilevsky without a rebound.
17:29 of 2nd period - Nazem Kadri wins face-off versus Trevor Zegras in ARIZONA Coyotes zone.
17:35 of 2nd period - Off-side.
17:36 of 2nd period - Nazem Kadri wins face-off versus Auston Matthews in neutral zone.
17:36 of 2nd period - Dougie Hamilton is hit by Alex Ovechkin and loses puck.
17:45 of 2nd period - Shot by Nazem Kadri.
17:45 of 2nd period - Shot Blocked by Jaccob Slavin.
17:53 of 2nd period - Shot by Nazem Kadri.
17:53 of 2nd period - Stopped by Spencer Knight without a rebound.
17:54 of 2nd period - Trevor Zegras wins face-off versus Brayden Point in SEATTLE Kraken zone.
18:06 of 2nd period - Shot by Trevor Zegras.
18:06 of 2nd period - Shot Blocked by Braden Schneider.
18:28 of 2nd period - Shot by Jason Robertson.
18:28 of 2nd period - Shot Misses the Net.
18:30 of 2nd period - Shot by Seth Jarvis.
18:30 of 2nd period - Stopped by Andrei Vasilevsky with a rebound.
18:32 of 2nd period - Shot by Rasmus Dahlin.
18:32 of 2nd period - Stopped by Andrei Vasilevsky without a rebound.
18:33 of 2nd period - Nazem Kadri wins face-off versus Auston Matthews in ARIZONA Coyotes zone.
18:55 of 2nd period - Icing by Dougie Hamilton.
18:56 of 2nd period - Nazem Kadri wins face-off versus Wyatt Johnston in ARIZONA Coyotes zone.
19:16 of 2nd period - Shot by Timo Meier.
19:16 of 2nd period - Shot Hit the Post.
19:18 of 2nd period - Shot by Madison Bowey.
19:18 of 2nd period - Shot Misses the Net.
19:20 of 2nd period - Shot by Matthew Tkachuk.
19:20 of 2nd period - Deflect By Timo Meier.
19:20 of 2nd period - Shot Misses the Net.
19:22 of 2nd period - Shot by Madison Bowey.
19:22 of 2nd period - Goal by Madison Bowey - SEATTLE Kraken : 2 - ARIZONA Coyotes : 3.
19:23 of 2nd period - Brayden Point wins face-off versus Auston Matthews in neutral zone.
19:40 of 2nd period - Shot by Auston Matthews.
19:40 of 2nd period - Shot Misses the Net.
19:42 of 2nd period - Shot by Matt Dumba.
19:42 of 2nd period - Shot Misses the Net.
19:44 of 2nd period - Shot by Matt Dumba.
19:44 of 2nd period - Shot Misses the Net.
19:46 of 2nd period - Shot by Jaccob Slavin.
19:46 of 2nd period - Stopped by Andrei Vasilevsky without a rebound.
19:47 of 2nd period - Trevor Zegras wins face-off versus Dillon Dube in ARIZONA Coyotes zone.
Goals for this period are 1 for SEATTLE Kraken vs 2 for ARIZONA Coyotes .
Shots for this period are 11 for SEATTLE Kraken vs 9 for ARIZONA Coyotes .

3rd period


0:01 of 3rd period - Auston Matthews wins face-off versus Nazem Kadri in neutral zone.
0:03 of 3rd period - Off-side.
0:04 of 3rd period - Auston Matthews wins face-off versus Nazem Kadri in neutral zone.
0:06 of 3rd period - Matt Dumba is hit by Madison Bowey and loses puck.
0:34 of 3rd period - Minor Penalty to Timo Meier for Hooking.
0:35 of 3rd period - Trevor Zegras wins face-off versus Nazem Kadri in ARIZONA Coyotes zone.
0:36 of 3rd period - Shot by Matt Dumba.
0:36 of 3rd period - Shot Misses the Net.
0:54 of 3rd period - Icing by Trevor Zegras.
0:55 of 3rd period - Nazem Kadri wins face-off versus Trevor Zegras in SEATTLE Kraken zone.
1:14 of 3rd period - Shot by Nazem Kadri.
1:14 of 3rd period - Stopped by Spencer Knight without a rebound.
1:15 of 3rd period - Auston Matthews wins face-off versus Brayden Point in SEATTLE Kraken zone.
1:23 of 3rd period - Shot by Jaccob Slavin.
1:23 of 3rd period - Stopped by Andrei Vasilevsky without a rebound.
1:24 of 3rd period - Nazem Kadri wins face-off versus Auston Matthews in ARIZONA Coyotes zone.
1:30 of 3rd period - Icing by David Pastrnak.
1:31 of 3rd period - Nazem Kadri wins face-off versus Auston Matthews in SEATTLE Kraken zone.
1:46 of 3rd period - Shot by David Pastrnak.
1:46 of 3rd period - Stopped by Andrei Vasilevsky with a rebound.
2:00 of 3rd period - Shot by Jaccob Slavin.
2:00 of 3rd period - Stopped by Andrei Vasilevsky without a rebound.
2:01 of 3rd period - Trevor Zegras wins face-off versus Brayden Point in ARIZONA Coyotes zone.
2:21 of 3rd period - Shot by Matt Dumba.
2:21 of 3rd period - Shot Misses the Net.
2:23 of 3rd period - Shot by Matt Dumba.
2:23 of 3rd period - Shot Blocked by Sean Durzi.
2:25 of 3rd period - Shot by Andrei Kuzmenko.
2:25 of 3rd period - Shot Misses the Net.
2:27 of 3rd period - Shot by Rasmus Dahlin.
2:27 of 3rd period - Stopped by Andrei Vasilevsky with a rebound.
2:29 of 3rd period - Shot by Matt Dumba.
2:29 of 3rd period - Stopped by Andrei Vasilevsky without a rebound.
2:30 of 3rd period - Auston Matthews wins face-off versus Nazem Kadri in ARIZONA Coyotes zone.
2:31 of 3rd period - Shot by Jaccob Slavin.
2:31 of 3rd period - Shot Misses the Net.
2:33 of 3rd period - Shot by Jaccob Slavin.
2:33 of 3rd period - Stopped by Andrei Vasilevsky with a rebound.
2:56 of 3rd period - Shot by Timo Meier.
2:56 of 3rd period - Deflect By Travis Boyd.
2:56 of 3rd period - Stopped by Spencer Knight with a rebound.
3:51 of 3rd period - Minor Penalty to Victor Olofsson for High sticking.
3:52 of 3rd period - Nazem Kadri wins face-off versus Trevor Zegras in ARIZONA Coyotes zone.
4:19 of 3rd period - Shot by Dougie Hamilton.
4:19 of 3rd period - Shot Misses the Net.
4:55 of 3rd period - Shot by Jaccob Slavin.
4:55 of 3rd period - Stopped by Andrei Vasilevsky without a rebound.
4:56 of 3rd period - Nazem Kadri wins face-off versus Jason Robertson in ARIZONA Coyotes zone.
5:05 of 3rd period - Dougie Hamilton is hit by David Pastrnak.
5:27 of 3rd period - Shot by Jason Robertson.
5:27 of 3rd period - Stopped by Andrei Vasilevsky without a rebound.
5:28 of 3rd period - Nazem Kadri wins face-off versus Trevor Zegras in ARIZONA Coyotes zone.
5:41 of 3rd period - Icing by Alex Ovechkin.
5:42 of 3rd period - Nazem Kadri wins face-off versus Andrei Kuzmenko in SEATTLE Kraken zone.
5:53 of 3rd period - Shot by Alex Iafallo.
5:53 of 3rd period - Shot Misses the Net.
6:11 of 3rd period - Shot by Braden Schneider.
6:11 of 3rd period - Shot Misses the Net.
6:19 of 3rd period - Shot by Brayden Point.
6:19 of 3rd period - Stopped by Spencer Knight without a rebound.
6:20 of 3rd period - Klim Kostin wins face-off versus Wyatt Johnston in SEATTLE Kraken zone.
6:24 of 3rd period - Icing by Moritz Seider.
6:25 of 3rd period - Nazem Kadri wins face-off versus Wyatt Johnston in SEATTLE Kraken zone.
6:36 of 3rd period - Shot by T.J. Oshie.
6:36 of 3rd period - Shot Misses the Net.
7:34 of 3rd period - Icing by Brayden Point.
7:35 of 3rd period - Brayden Point wins face-off versus Trevor Zegras in ARIZONA Coyotes zone.
8:08 of 3rd period - Victor Olofsson is hit by Trevor Zegras and loses puck.
8:38 of 3rd period - Brayden Point is hit by Alex Ovechkin and loses puck.
8:54 of 3rd period - Justin Abdelkader is hit by Matt Dumba.
8:58 of 3rd period - Shot by Braden Schneider.
8:58 of 3rd period - Stopped by Spencer Knight with a rebound.
9:00 of 3rd period - Shot by Justin Abdelkader.
9:00 of 3rd period - Stopped by Spencer Knight without a rebound.
9:01 of 3rd period - Wyatt Johnston wins face-off versus Nazem Kadri in SEATTLE Kraken zone.
9:01 of 3rd period - Wyatt Johnston is hit by Matthew Tkachuk.
9:39 of 3rd period - Shot by Matthew Tkachuk.
9:39 of 3rd period - Stopped by Spencer Knight without a rebound.
9:40 of 3rd period - Dillon Dube wins face-off versus Auston Matthews in SEATTLE Kraken zone.
9:47 of 3rd period - Shot by Justin Abdelkader.
9:47 of 3rd period - Shot Misses the Net.
10:41 of 3rd period - Trevor Zegras is hit by Braden Schneider.
10:45 of 3rd period - Shot by Jason Robertson.
10:45 of 3rd period - Shot Misses the Net.
11:00 of 3rd period - Minor Penalty to Tucker Poolman for Tripping.
11:01 of 3rd period - Nazem Kadri wins face-off versus Andrei Kuzmenko in ARIZONA Coyotes zone.
11:44 of 3rd period - Icing by Moritz Seider.
11:45 of 3rd period - Nazem Kadri wins face-off versus Auston Matthews in SEATTLE Kraken zone.
11:55 of 3rd period - David Pastrnak is hit by Dougie Hamilton and loses puck.
13:24 of 3rd period - Shot by Michael Pezzetta.
13:24 of 3rd period - Shot Misses the Net.
13:28 of 3rd period - Shot by Brandon Tanev.
13:28 of 3rd period - Stopped by Andrei Vasilevsky with a rebound.
13:30 of 3rd period - Shot by Michael Pezzetta.
13:30 of 3rd period - Shot Hit the Post.
13:32 of 3rd period - Shot by Brandon Tanev.
13:32 of 3rd period - Shot Misses the Net.
14:22 of 3rd period - Minor Penalty to Timo Meier for Roughing.
14:23 of 3rd period - Auston Matthews wins face-off versus Nazem Kadri in ARIZONA Coyotes zone.
14:23 of 3rd period - Auston Matthews is hit by Dougie Hamilton.
14:37 of 3rd period - Shot by Matt Dumba.
14:37 of 3rd period - Shot Misses the Net.
14:39 of 3rd period - Shot by Rasmus Dahlin.
14:39 of 3rd period - Goal by Rasmus Dahlin - SEATTLE Kraken : 3 - ARIZONA Coyotes : 3.
14:40 of 3rd period - Brayden Point wins face-off versus Trevor Zegras in neutral zone.
14:40 of 3rd period - Brayden Point is hit by Jason Robertson.
14:47 of 3rd period - Icing by Jaccob Slavin.
14:48 of 3rd period - Brayden Point wins face-off versus Trevor Zegras in SEATTLE Kraken zone.
15:41 of 3rd period - Icing by Jaccob Slavin.
15:42 of 3rd period - Trevor Zegras wins face-off versus Nazem Kadri in SEATTLE Kraken zone.
15:46 of 3rd period - Jason Robertson is hit by Vince Dunn and loses puck.
15:54 of 3rd period - Nazem Kadri is hit by Seth Jarvis and loses puck.
15:55 of 3rd period - Double Minor Penalty to Trevor Zegras for Roughing.
15:56 of 3rd period - Timo Meier wins face-off versus T.J. Oshie in SEATTLE Kraken zone.
16:31 of 3rd period - Shot by Sean Durzi.
16:31 of 3rd period - Stopped by Spencer Knight without a rebound.
16:32 of 3rd period - Nazem Kadri wins face-off versus T.J. Oshie in SEATTLE Kraken zone.
17:09 of 3rd period - Shot by Nazem Kadri.
17:09 of 3rd period - Shot Misses the Net.
17:11 of 3rd period - Shot by Madison Bowey.
17:11 of 3rd period - Stopped by Spencer Knight without a rebound.
17:12 of 3rd period - Brayden Point wins face-off versus T.J. Oshie in SEATTLE Kraken zone.
17:41 of 3rd period - Shot by Matthew Tkachuk.
17:41 of 3rd period - Deflect By Brayden Point.
17:41 of 3rd period - Shot Misses the Net.
17:43 of 3rd period - Shot by Timo Meier.
17:43 of 3rd period - Shot Misses the Net.
17:49 of 3rd period - Shot by Matthew Tkachuk.
17:49 of 3rd period - Shot Misses the Net.
17:51 of 3rd period - Shot by Matthew Tkachuk.
17:51 of 3rd period - Shot Blocked by Matt Dumba.
17:53 of 3rd period - Shot by Vince Dunn.
17:53 of 3rd period - Shot Misses the Net.
18:23 of 3rd period - Shot by Dougie Hamilton.
18:23 of 3rd period - Shot Misses the Net.
18:25 of 3rd period - Shot by Madison Bowey.
18:25 of 3rd period - Shot Blocked by Rasmus Dahlin.
18:27 of 3rd period - Shot by Dougie Hamilton.
18:27 of 3rd period - Stopped by Spencer Knight with a rebound.
18:29 of 3rd period - Shot by Nazem Kadri.
18:29 of 3rd period - Shot Misses the Net.
18:31 of 3rd period - Shot by Dougie Hamilton.
18:31 of 3rd period - Shot Misses the Net.
18:33 of 3rd period - Shot by Madison Bowey.
18:33 of 3rd period - Stopped by Spencer Knight without a rebound.
18:34 of 3rd period - Auston Matthews wins face-off versus Brayden Point in SEATTLE Kraken zone.
18:42 of 3rd period - Off-side.
18:43 of 3rd period - T.J. Oshie wins face-off versus Nazem Kadri in neutral zone.
19:02 of 3rd period - Shot by Sean Durzi.
19:02 of 3rd period - Goal by Sean Durzi - SEATTLE Kraken : 3 - ARIZONA Coyotes : 4.
19:03 of 3rd period - Auston Matthews wins face-off versus Nazem Kadri in neutral zone.
19:06 of 3rd period - SEATTLE Kraken, Spencer Knight is pulled from the net.
19:35 of 3rd period - Icing by Dougie Hamilton.
19:36 of 3rd period - Auston Matthews wins face-off versus Nazem Kadri in ARIZONA Coyotes zone.
19:47 of 3rd period - Shot by David Pastrnak.
19:47 of 3rd period - Deflect By Auston Matthews.
19:47 of 3rd period - Shot Misses the Net.
19:49 of 3rd period - Shot by Alec Martinez.
19:49 of 3rd period - Stopped by Andrei Vasilevsky with a rebound.
19:51 of 3rd period - Shot by Auston Matthews.
19:51 of 3rd period - Shot Misses the Net.
Goals for this period are 1 for SEATTLE Kraken vs 1 for ARIZONA Coyotes .
Shots for this period are 11 for SEATTLE Kraken vs 11 for ARIZONA Coyotes .